AoeStats
← Celacho31

Black Forest

505146697Analyzed
4v4 RM · 23d ago on Sep 8, 2026· 50m 58s· 8 players
Game mode
Random Map
Map size
Large (8 player)
Population
200
Speed
Normal
Resources
Standard
Victory
Conquest
Starting age
Dark Age
Ending age
Imperial Age
RankedLock teamsTeams togetherTeam positionsShared explorationLock speedFull tech treeHidden civsTurbo modeCheats
Victory
Defeat
🇨🇦 Tupi · Canada
691
+16
🇺🇸 Lithuanians · United States
687
+16
🇺🇸 Japanese · United States
667
+17
🇨🇦 Spanish · Canada
655
+18
🇨🇴 Italians · Colombia
846
-71
🇨🇴 Franks · Colombia
846
-71
🇨🇴 Turks · Colombia
561
-19
🇨🇴 Romans · Colombia
518
-15
JESUSizLORD7590
0:32 Loom
16:58 Feudal Age
17:49 Man-at-Arms
30:35 Castle Age
29:59 Horse Collar
33:17 Bloodlines
33:08 Husbandry
38:18 Double-Bit Axe
39:13 Wheelbarrow
42:28 Scale Barding Armor
42:50 Forging
45:27 Iron Casting
vajamian
10:11 Loom
14:17 Feudal Age
14:49 Horse Collar
15:22 Double-Bit Axe
16:20 Wheelbarrow
24:29 Castle Age
25:15 Heavy Plow
25:28 Bow Saw
25:42 Hand Cart
25:30 Caravan
25:10 Pikeman
25:51 Squires
26:08 Bloodlines
25:58 Husbandry
29:57 Fervor
32:20 Forging
32:10 Scale Mail Armor
32:16 Scale Barding Armor
32:11 Padded Archer Armor
32:02 Fletching
36:47 Imperial Age
35:36 Leather Archer Armor
35:57 Iron Casting
35:37 Chain Mail Armor
35:43 Chain Barding Armor
36:39 Bodkin Arrow
37:08 Fortified Wall
37:08 Masonry
40:23 Chemistry
39:58 Architecture
39:52 Conscription
38:58 Cavalier
39:06 Halberdier
41:55 Two-Man Saw
41:29 Plate Mail Armor
45:52 Plate Barding Armor
45:56 Ring Archer Armor
46:27 Bracer
47:59 Blast Furnace
48:46 Paladin
Jeffrey
15:18 Feudal Age
20:30 Horse Collar
20:35 Double-Bit Axe
26:41 Castle Age
27:06 Gold Mining
27:08 Stone Mining
28:00 Fletching
28:11 Padded Archer Armor
29:45 Caravan
33:19 Heavy Plow
33:30 Bow Saw
33:56 Gold Shaft Mining
34:54 Bodkin Arrow
35:22 Leather Archer Armor
44:20 Imperial Age
47:18 Curare
47:36 Conscription
48:56 Elite Ibirapema Warrior
49:40 Arson
49:56 Squires
alexgolan
0:52 Loom
21:28 Feudal Age
22:46 Horse Collar
22:53 Double-Bit Axe
31:28 Castle Age
30:55 Stone Mining
30:58 Gold Mining
32:19 Heavy Plow
32:32 Bow Saw
36:25 Treadmill Crane
37:07 Ballistics
37:03 Fortified Wall
36:45 Guard Tower
37:03 Scale Mail Armor
36:54 Fletching
37:15 Forging
39:12 Chain Mail Armor
38:33 Pikeman
39:16 Squires
41:38 Wheelbarrow
42:51 Gold Shaft Mining
43:04 Yasama
46:22 Imperial Age
44:01 Bodkin Arrow
46:29 Elite Samurai
47:46 Hoardings
47:51 Keep
48:05 Conscription
49:28 Chemistry
49:02 Plate Mail Armor
49:08 Iron Casting
50:53 Masonry
50:46 Bracer
52:32 Blast Furnace
jeas0104
17:12 Feudal Age
18:40 Loom
19:43 Stone Mining
Daniel4217
11:26 Feudal Age
12:16 Loom
12:36 Double-Bit Axe
13:58 Horse Collar
16:49 Forging
16:30 Fletching
16:52 Padded Archer Armor
21:02 Castle Age
19:31 Scale Mail Armor
tomo2220
12:02 Feudal Age
12:27 Horse Collar
12:37 Double-Bit Axe
14:24 Loom
18:22 Castle Age
17:14 Stone Mining
20:17 Heavy Plow
20:45 Bow Saw
26:24 Wheelbarrow
Celacho31
2:34 Loom
14:20 Feudal Age
19:16 Castle Age
17:13 Horse Collar
18:31 Double-Bit Axe
18:49 Man-at-Arms
21:36 Scale Mail Armor
21:48 Forging
22:44 Stone Mining
24:45 Wheelbarrow
23:56 Town Watch
24:06 Gold Mining
25:37 Squires
27:30 Heavy Plow
27:29 Long Swordsman
30:55 Town Patrol
31:11 Bloodlines
31:40 Hand Cart
31:58 Chain Mail Armor
33:06 Ballistas
36:13 Iron Casting
42:01 Imperial Age
39:47 Bow Saw
41:36 Scale Barding Armor
42:18 Gold Shaft Mining
43:21 Conscription
42:32 Sappers
43:05 Legionary
45:35 Comitatenses
47:38 Elite Centurion
Connection lost

Rejoining the realm…

Still unreachable

The connection could not be restored.

Session expired

The server has moved on; the page needs a fresh start.